 Dungeon Crawl Stone Soup version 0.29-a0-653-gd47aff6735 (webtiles) character file.

Game seed: 18434953681350917939

17416 HoaS the Markstengu (level 12, -18/82 HPs)
             Began as a Tengu Hunter on June 21, 2022.
             Was a Believer of Makhleb.
             Killed from afar by a Hell Sentinel (41 damage)
             ... with an iron shot
             ... on level 2 of the Abyss.
             The game lasted 00:24:52 (8500 turns).

HoaS the Markstengu (Tengu Hunter)                  Turns: 8500, Time: 00:24:52

Health: -18/82     AC: 21    Str: 16    XL:     12   Next: 47%
Magic:  13/13      EV: 20    Int: 10    God:    Makhleb [**....]
Gold:   2129       SH:  0    Dex: 25    Spells: 11/11 levels left

rFire   . . .      SeeInvis .   a - +3 shortbow (freeze)
rCold   + . .      Faith    .   (shield currently unavailable)
rNeg    . . .      Spirit   .   f - +6 scale mail of Okawaru, Fortifying {rC+ Regen+ Str-2 Dex+3}
rPois   .          Reflect  .   (helmet restricted)
rElec   .          Harm     .   t - +1 cloak
rCorr   .          Rampage  .   d - +2 pair of gloves
Will    .....                   (boots unavailable)
Stlth   +.........              (no amulet)
HPRegen 0.00/turn               i - +4 ring of protection
MPRegen 0.13/turn               A - +6 ring of strength

@: sick, flying quickly and evasively, studying Bows, quick
A: beak, talons 3, nimble flight
a: Renounce Religion, Minor Destruction


You were on level 2 of the Abyss.
You worshipped Makhleb.
Makhleb was pleased with you.
You visited 2 branches of the dungeon, and saw 12 of its levels.
You visited the Abyss 1 time.

You collected 2279 gold pieces.
You spent 150 gold pieces at shops.

Inventory:

Hand Weapons
 a - a +3 shortbow of freezing (weapon)
Armour
 d - a +2 pair of gloves (worn)
 f - the +6 scale mail of Okawaru, Fortifying (worn) {rC+ Regen+ Str-2 Dex+3}
   (You found it on level 8 of the Dungeon)

   Str:       It affects your strength (-2).
   Dex:       It affects your dexterity (+3).
   rC:        It protects you from cold.
   Regen:     It increases your rate of health regeneration.
 t - a +1 cloak (worn)
Jewellery
 h - the dreamshard necklace {*Dream Drain}
   (You found it on level 11 of the Dungeon)

   [amulet of nothing]

   It shatters if its wearer takes lethal or near-lethal damage, preventing the
   blow and releasing protective dreams that heal and fight for the wearer.
   Drain:     It drains your maximum health when unequipped.
 i - a +4 ring of protection (left hand)
 w - a ring of resist corrosion
 x - a ring of see invisible
 A - a +6 ring of strength (right hand)
Wands
 e - a wand of mindburst (4)
 m - a wand of flame (80)
 n - a wand of acid (9)
 q - a wand of charming (15)
Scrolls
 b - a scroll of brand weapon
 c - 6 scrolls of immolation
 s - 4 scrolls of identify
 u - a scroll of teleportation
Potions
 g - 2 potions of resistance
 j - a potion of mutation
 k - 2 potions of curing
 l - 2 potions of berserk rage
 o - 4 potions of attraction
 p - 2 potions of lignification
 r - a potion of ambrosia
 v - a potion of cancellation


   Skills:
 * Level 12.6 Fighting
 - Level 16.0 Bows
 + Level 10.0 Dodging
 - Level 1.0 Stealth


You had 11 spell levels left.
You didn't know any spells.
Your spell library contained the following spells:

 Spells                   Type           Power      Damage    Failure   Level
 Apportation              Tloc           0%         N/A       82%         1
 Magic Dart               Conj           0%         1d3       82%         1
 Necrotize                Necr           0%         1d4       82%         1
 Summon Small Mammal      Summ           0%         N/A       82%         1
 Call Imp                 Summ           0%         N/A       91%         2
 Ensorcelled Hibernation  Hex/Ice        0%         N/A       91%         2
 Passwall                 Tmut/Erth      0%         N/A       91%         2
 Call Canine Familiar     Summ           0%         N/A       99%         3
 Conjure Flame            Conj/Fire      0%         6-21      99%         3
 Ignite Poison            Fire/Tmut/Pois 0%         N/A       99%         3
 Mephitic Cloud           Conj/Pois/Air  0%         N/A       99%         3
 Stone Arrow              Conj/Erth      0%         3d7       99%         3
 Summon Guardian Golem    Hex/Summ       0%         N/A       99%         3
 Swiftness                Air            0%         N/A       99%         3
 Animate Armour           Summ/Erth      0%         N/A       100%        4
 Sticky Flame             Conj/Fire      0%         2d3       100%        4
 Lehudib's Crystal Spear  Conj/Erth      0%         10d2      100%        8


Dungeon Overview and Level Annotations

Branches:
Dungeon (11/15)            Temple (1/1) D:7
   Lair: D:8-11         Orc: D:9-12

Altars:
Ashenzari
Cheibriados
Dithmenos
Elyvilon
Fedhas
Gozag
Hepliaklqana
Kikubaaqudgha
Makhleb
Nemelex Xobeh
Okawaru
Qazlal
Ru
Sif Muna
Trog
Uskayaw
Vehumet
Wu Jian
Xom
Yredelemnul
Zin
The Shining One

Shops:
D:5 *   D:7 :

Annotations:
D:3 exclusion: moth of wrath
D:4 3 runed translucent doors, gabibbone's ghost, amateur GnCK


Innate Abilities, Weirdness & Mutations

You have a beak for a mouth.
You have claws for feet.
Your magical nature lets you fly swiftly and evasively.


Message History

The starcursed mass is severely damaged.
A starcursed mass splits.
Shoot: a) +3 shortbow (freeze)
Press: ? - help, Q - select action, (/) - cycle Shift-Dir - straight line, f/p - starcursed mass
Aim: a starcursed mass (severely damaged, 98% to hit)
You shoot an arrow. The arrow hits the starcursed mass.
The arrow freezes the starcursed mass.
The starcursed mass is almost destroyed.
The starcursed mass shudders and is absorbed by its neighbour.
A starcursed mass splits.
A chorus of shrieks assaults your mind.
* * * LOW HITPOINT WARNING * * *
Shoot: a) +3 shortbow (freeze)
Press: ? - help, Q - select action, (/) - cycle Shift-Dir - straight line, f - starcursed mass
Aim: a starcursed mass (severely damaged, 98% to hit)
You shoot an arrow. The arrow hits the starcursed mass.
The arrow freezes the starcursed mass.
The starcursed mass is almost destroyed.
The starcursed mass shudders and is absorbed by its neighbour.
Shoot: a) +3 shortbow (freeze)
Press: ? - help, Q - select action, (/) - cycle Shift-Dir - straight line, f - starcursed mass
Aim: a starcursed mass (heavily damaged, 98% to hit)
You shoot an arrow. The arrow hits the starcursed mass.
The arrow freezes the starcursed mass.
The starcursed mass is severely damaged.
The starcursed mass touches you but does no damage.
A chorus of shrieks assaults your mind.
* * * LOW HITPOINT WARNING * * *
Shoot: a) +3 shortbow (freeze)
Press: ? - help, Q - select action, (/) - cycle Shift-Dir - straight line, f/p - starcursed mass
Aim: a starcursed mass (severely damaged, 98% to hit)
You shoot an arrow. The arrow hits the starcursed mass!
The arrow freezes the starcursed mass.
You destroy the starcursed mass!
Makhleb accepts your kill.
You feel better. The Hell Sentinel gestures at you. The iron shot hits you!!!
Ouch! That really hurt!
You die...

#. .. #. . #.
## .. ##. ..
#.#.### .#.#
#.....#..#
#.@##. #
#.......1X# #
#...#.##......
#... ##
.....#. ##.
#.### # ..# ##


You could see a starcursed mass and a Hell Sentinel.

Vanquished Creatures
  A purple draconian (Abyss:2)
  Josephine (D:10)
  A two-headed ogre (D:10)
  A death knight (D:10)
  A thrashing horror (Abyss:2)
  A skeletal warrior (D:10)
  Lodul (D:10)
  A phantasmal warrior (D:10)
  A deep elf zephyrmancer (D:11)
  2 ugly things (D:11)
  A smoke demon (Abyss:2)
  A kobold demonologist (D:11)
  A freezing wraith (D:10)
  A troll (D:10)
  2 ancient zymes (Abyss:2)
  A tengu conjurer (D:11)
  A hornet (D:8)
  A blink frog (Abyss:2)
  Grinder (D:5)
  A wyvern (D:9)
  21 yaks
  2 starcursed masses (Abyss:2)
  5 wraiths (D:10)
  A basilisk (D:9)
  A steam dragon (D:7)
  Menkaure (D:5)
  Edmund (D:4)
  A water moccasin (D:11)
  3 sky beasts
  An ice beast (D:4)
  10 ogres
  2 black bears
  2 orc warriors
  7 centaurs
  A wolf (D:11)
  A phantom (D:7)
  A kobold brigand (D:9)
  2 necrophages
  4 scorpions
  5 wights (D:9)
  12 killer bees
  2 electric eels (D:9)
  5 howler monkeys
  6 orc priests
  2 hounds
  2 jellies
  An iguana (D:5)
  Ijyb (D:3)
  7 orc wizards
  A gnoll (D:4)
  11 adders
  3 shadow imps
  2 white imps
  2 ufetubi
  A dart slug (D:1)
  35 orcs
  4 bats
  4 endoplasms
  A giant cockroach (D:1)
  11 goblins
  15 hobgoblins
  3 jackals (D:2)
  12 kobolds
  8 quokkas
  10 ball pythons
  6 frilled lizards
  30 rats
  A lurking horror (Abyss:2)
292 creatures vanquished.

Vanquished Creatures (others)
  15 plants (D:11)
15 creatures vanquished.

Grand Total: 307 creatures vanquished

Notes
Turn   | Place    | Note
-------+----------+-------------------------------------------
     0 | D:1      | HoaS the Tengu Hunter began the quest for the Orb.
     0 | D:1      | Reached XP level 1. HP: 12/12 MP: 2/2
    68 | D:1      | Found a faded altar of an unknown god.
    98 | D:1      | Reached XP level 2. HP: 17/17 MP: 3/3
   232 | D:1      | Reached skill level 5 in Bows
   273 | D:1      | You fall into a shaft and drop 1 floor!
   302 | D:2      | Reached XP level 3. HP: 21/21 MP: 4/4
   750 | D:1      | Reached skill level 6 in Bows
   823 | D:2      | Reached XP level 4. HP: 26/26 MP: 5/5
  1138 | D:2      | Gained mutation: Your magical nature lets you fly swiftly
                  | and evasively. [Tengu growth]
  1138 | D:2      | Reached XP level 5. HP: 27/30 MP: 6/6
  1367 | D:2      | Reached skill level 7 in Bows
  1506 | D:3      | Noticed a moth of wrath
  1511 | D:3      | Found a bloodstained altar of Trog.
  1630 | D:3      | Noticed Ijyb
  1640 | D:3      | Killed Ijyb
  1644 | D:3      | Reached XP level 6. HP: 35/35 MP: 7/7
  1754 | D:3      | Found a glowing golden altar of the Shining One.
  1804 | D:3      | Reached skill level 8 in Bows
  2202 | D:3      | Found a faded altar of an unknown god.
  2206 | D:3      | Found a radiant altar of Vehumet.
  2437 | D:4      | Found a runed translucent gate.
  2438 | D:4      | Found a runed translucent gate.
  2438 | D:4      | Noticed gabibbone's ghost (amateur GnCK)
  2439 | D:4      | Found a runed translucent gate.
  2502 | D:4      | Identified the +1 robe "Puozis" {Regen+ Str-4 Int+4 Dex+4}
  2599 | D:4      | Noticed an ice beast
  2612 | D:4      | Killed an ice beast
  2613 | D:4      | Reached XP level 7. HP: 35/40 MP: 8/8
  2617 | D:4      | Reached skill level 9 in Bows
  2767 | D:4      | Noticed Edmund
  2774 | D:4      | Killed Edmund
  3142 | D:5      | Entered Level 5 of the Dungeon
  3308 | D:5      | Noticed Menkaure
  3315 | D:5      | Killed Menkaure
  3316 | D:5      | Reached skill level 10 in Bows
  3476 | D:5      | Noticed Grinder
  3481 | D:5      | Killed Grinder
  3482 | D:5      | Reached skill level 11 in Bows
  3482 | D:5      | Reached XP level 8. HP: 33/44 MP: 9/9
  3607 | D:5      | Found Zyban's General Store.
  3639 | D:5      | Bought a potion of heal wounds for 60 gold pieces
  3639 | D:5      | Bought a scroll of enchant weapon for 90 gold pieces
  3827 | D:6      | Identified a scroll of acquirement
  3827 | D:6      | Acquired 1147 gold pieces
  3855 | D:6      | Reached skill level 12 in Bows
  3932 | D:6      | Noticed a yak
  3943 | D:6      | Killed a yak
  3947 | D:6      | Noticed a yak
  3949 | D:6      | Noticed a yak
  3951 | D:6      | Noticed a yak
  3964 | D:5      | Killed a yak
  3965 | D:5      | Reached skill level 13 in Bows
  3965 | D:5      | Reached XP level 9. HP: 31/48 MP: 10/10
  4102 | D:6      | Acquired a manual of Bows
  4123 | D:6      | Reached skill level 14 in Bows
  4375 | D:6      | Reached skill level 15 in Bows
  4423 | D:7      | Reached skill level 16 in Bows
  4495 | D:7      | Found a staircase to the Ecumenical Temple.
  4505 | Temple   | Entered the Ecumenical Temple
  4606 | Temple   | Became a worshipper of Makhleb the Destroyer
  5118 | D:7      | Found Udan's Book Shop.
  5338 | D:8      | Reached XP level 10. HP: 56/56 MP: 11/11
  5353 | D:8      | Identified the +6 scale mail of Okawaru, Fortifying {rC+
                  | Regen+ Str-2 Dex+3}
  5386 | D:8      | Found an iron altar of Okawaru.
  5567 | D:8      | Reached skill level 5 in Fighting
  5595 | D:8      | Reached skill level 5 in Dodging
  6081 | D:9      | Reached * piety under Makhleb
  6342 | D:9      | Reached XP level 11. HP: 68/68 MP: 12/12
  6820 | D:10     | Entered Level 10 of the Dungeon
  6940 | D:10     | Noticed a two-headed ogre
  6946 | D:10     | Killed a two-headed ogre
  7044 | D:10     | Identified the +0 leather armour "Oshirphyth" {rPois rC+
                  | Str+3 Dex+4}
  7087 | D:10     | Noticed Lodul
  7105 | D:10     | Reached ** piety under Makhleb
  7119 | D:10     | Killed Lodul
  7187 | D:10     | Noticed a phantasmal warrior
  7193 | D:10     | Noticed a death knight
  7340 | D:10     | Noticed Josephine
  7346 | D:10     | Noticed a skeletal warrior
  7419 | D:10     | Killed a phantasmal warrior
  7420 | D:10     | Reached skill level 10 in Fighting
  7464 | D:10     | Killed Josephine
  7547 | D:10     | Killed a death knight
  7671 | D:10     | Killed a skeletal warrior
  7685 | D:10     | Reached XP level 12. HP: 79/80 MP: 13/13
  8039 | D:11     | Found the dreamshard necklace {*Dream Drain}
  8275 | D:11     | Found a shimmering blue altar of Sif Muna.
  8307 | D:11     | Noticed a deep elf sorcerer
  8308 | D:11     | Noticed a deep elf demonologist
  8311 | D:11     | Noticed an Executioner
  8314 | D:11     | Cast into level 2 of the Abyss (a deep elf demonologist)
  8343 | Abyss:2  | Noticed a thrashing horror
  8353 | Abyss:2  | Killed a thrashing horror
  8379 | Abyss:2  | Noticed a purple draconian
  8394 | Abyss:2  | Killed a purple draconian
  8457 | Abyss:2  | Reached skill level 10 in Dodging
  8476 | Abyss:2  | Noticed a starcursed mass
  8492 | Abyss:2  | Noticed a Hell Sentinel
  8500 | Abyss:2  | Killed from afar by a Hell Sentinel

Illustrated notes

Levels and vault maps discovered:
D:1:      heliophobic_arrival_glass_houses, layout_loops_cross,
          basic_ecumenical_altar, kennysheep_flooded_box,
          hangedman_decor_clover_reticule, minmay_small_reverse_x
D:2:      cheibrodos_greedy_goblins, layout_rooms, minmay_indecisive_spiral
D:3:      layout_rooms, tso_altar, tgw_trog, nicolae_overflow_ecumenical_swirl,
          minmay_rat_hole, uniq_ijyb
D:4:      minmay_skewed_foursquare, layout_basic, gammafunk_ghost_split,
          uniq_edmund
D:5:      layout_basic, serial_shops, nicolae_shop_waterfront, uniq_menkaure,
          uniq_grinder
D:6:      layout_cave_pools, ldierk_geyser, hangedman_decor_riveting
D:7:      layout_cave_pods, minmay_temple_entry_glass, serial_shops, shop
D:8:      layout_gridville, okawaru_ov_weapons_minmay
D:9:      layout_basic, minivault_10, minmay_misc_feat_room, disabler_island
D:10:     layout_irregular_city, uniq_lodul, uniq_josephine
D:11:     evilmike_library_of_no_secrets, layout_basic, minmay_lair_entry_grove
Temple:   hc_temple_tempest_star
Abyss:2:  base:
D:6

Skill      XL: |  1  2  3  4  5  6  7  8  9 10 11 12 |
---------------+-------------------------------------+-----
Bows           | 5 6 7 8 11 13 16 | 16.0
Fighting       | 3 8 11 12 | 12.6
Dodging        | 3 6 8 10 | 10.0
Stealth        | |  1.0

Action                   |  1- 3 |  4- 6 |  7- 9 | 10-12 || total
-------------------------+-------+-------+-------+-------++-------
Melee: Shortbow          |       |       |     1 |       ||     1
 Fire: Shortbow          |    72 |   202 |   268 |   500 ||  1042
Evoke: Wand              |       |       |       |     1 ||     1
  Use: Scroll            |     2 |     7 |    12 |    12 ||    33
       Potion            |       |     2 |     3 |    11 ||    16
Armor: Leather armour    |    10 |    24 |       |       ||    34
       Robe              |       |     4 |    13 |     1 ||    18
       Scale mail        |       |       |       |   104 ||   104
Dodge: Dodged            |    12 |    44 |    59 |   212 ||   327

Table legend: (Time is in decaauts)
 A = Elapsed time spent in this place.
 B = Non-inter-level travel time spent in this place.
 C = Inter-level travel time spent in this place.
 D = Time resting spent in this place.
 E = Time spent auto-exploring this place.
 F = Levels seen in this place.
 G = Mean time per level.
                   A        B        C        D        E       F      G
               +--------+--------+--------+--------+--------+-----+--------+
         Total |   7949 |   7636 |    313 |    868 |   4900 |  13 |  611.5 |
       Dungeon |   7670 |   7375 |    295 |    792 |   4808 |  11 |  697.3 |
        Temple |    102 |     84 |     18 |      0 |     70 |   1 |  102.0 |
         Abyss |    175 |    175 |      0 |     75 |     21 |   1 |  175.0 |
               +--------+--------+--------+--------+--------+-----+--------+

Top non-repeatable levels by time:
    D:10: 1087 daAuts
     D:3: 972 daAuts
     D:4: 746 daAuts
     D:9: 740 daAuts
     D:7: 713 daAuts
     D:1: 691 daAuts
     D:8: 670 daAuts
     D:5: 664 daAuts
     D:2: 636 daAuts
     D:6: 438 daAuts
    D:11: 310 daAuts
 Abyss:2: 175 daAuts
  Temple: 102 daAuts
